 Dungeon Crawl Stone Soup version 0.28.0-47-ge53b351184 (webtiles) character file.

Game seed: 15396297664219568070

9 Exodus22XD the Covered (level 2, 27/27 HPs)
             Began as a Minotaur Fighter on May 8, 2022.
             Was a Follower of Fedhas.
             Quit the game on level 1 of the Dungeon.
             The game lasted 00:00:19 (227 turns).

Exodus22XD the Covered (Minotaur Fighter)            Turns: 227, Time: 00:00:20

Health: 27/27      AC:  7    Str: 20    XL:     2   Next: 3%
Magic:  1/1        EV:  9    Int:  5    God:    Fedhas [*.....]
Gold:   24         SH:  4    Dex:  9    Spells: 1/1 levels left

rFire   . . .      SeeInvis .   a - +0 war axe
rCold   . . .      Faith    .   c - +0 buckler
rNeg    . . .      Spirit   .   b - +0 scale mail
rPois   .          Reflect  .   (helmet restricted)
rElec   .          Harm     .   (no cloak)
rCorr   .          Rampage  .   (no gloves)
Will    .....                   (no boots)
Stlth   ..........              (no amulet)
HPRegen 0.09/turn               (no ring)
MPRegen 0.07/turn               (no ring)

@: no status effects
A: horns 2, retaliatory headbutt
a: Renounce Religion


You were on level 1 of the Dungeon.
You worshipped Fedhas.
Fedhas was aware of your devotion.
You visited 1 branch of the dungeon, and saw 1 of its levels.

You collected 24 gold pieces.

Inventory:

Hand Weapons
 a - a +0 war axe (weapon)
Armour
 b - a +0 scale mail (worn)
 c - a +0 buckler (worn)
Potions
 d - a potion of might


   Skills:
 + Level 3.8 Fighting
 + Level 2.5 Axes
 + Level 3.9 Armour
 + Level 3.8 Shields


You had one spell level left.
You didn't know any spells.
Your spell library was empty.

Dungeon Overview and Level Annotations

Branches:
Dungeon (1/15)

Altars:
Fedhas


Innate Abilities, Weirdness & Mutations

You have a pair of horns on your head.
You reflexively headbutt those who attack you in melee.


Message History

No target in view!
No target in view!
No target in view!
A quokka comes into view.
The quokka moves out of view.
No target in view!
A quokka is nearby!
You block the quokka's attack. The quokka completely misses you.
You furiously retaliate!
You headbutt the quokka!
You kill the quokka!
You have reached level 2!
No target in view!
You see here a quokka corpse.
Found a stone staircase leading down.
No target in view!
You open the door.
There is an open door here.
You now have 24 gold pieces (gained 4).
You enter the shallow water.
Moving in this stuff is going to be slow.
Found a faded altar of an unknown god.
No target in view!
A spectral hobgoblin comes into view.
A spectral hobgoblin is nearby!
You hit the spectral hobgoblin.
The spectral hobgoblin is heavily damaged.
The spectral hobgoblin barely misses you.
You furiously retaliate!
You headbutt the spectral hobgoblin, but do no damage.
A spectral hobgoblin is nearby!
You slash the spectral hobgoblin!
You destroy the spectral hobgoblin!
You enter the shallow water.
Moving in this stuff is going to be slow.
There is a faded altar of an unknown god here.
You cannot tell which god this altar belongs to.
Convert to them anyway?
Fedhas accepts your prayer! Fedhas welcomes you!
The plants of the dungeon cease their hostilities.
Are you sure you want to abandon this character and quit the game? (Confirm with "yes".)

#.# #.# ≈#.. #.#
####.≈ ###.#. #.#
#.....≈ 8≈#.. #.#
#.....≈#≈≈#≈## #.#
#......##.≈≈.##
#.######......≈#≈≈≈.≈#
#.............≈#.≈≈≈.+
#.#..........≈.≈@..≈≈+
###.#.#.#.###≈.≈.≈≈≈.+
#.......# #..#..≈..≈≈.
#.#.#.#.# #.##≈≈≈≈≈≈≈#
#.......# #≈#..##≈≈≈≈#
#.#.#.#.###.≈8≈≈.....#
#.......##..####≈.#..#
###.######.≈.≈≈.≈.#..#
#........##.###.#


There were no monsters in sight!

Vanquished Creatures
  3 hobgoblins (D:1)
  A quokka (D:1)
  A bat (D:1)
  2 frilled lizards (D:1)
  A kobold (D:1)
  A spectral hobgoblin (D:1)
9 creatures vanquished.

Notes
Turn   | Place    | Note
-------+----------+-------------------------------------------
     0 | D:1      | Exodus22XD the Minotaur Fighter began the quest for the
                  | Orb.
     0 | D:1      | Reached XP level 1. HP: 19/19 MP: 0/0
   145 | D:1      | Reached XP level 2. HP: 27/27 MP: 1/1
   219 | D:1      | Found a faded altar of an unknown god.
   226 | D:1      | Prayed at the altar of an unknown god.
   226 | D:1      | Became a worshipper of Fedhas Madash
   226 | D:1      | Reached * piety under Fedhas
   227 | D:1      | Quit the game

Illustrated notes

Levels and vault maps discovered:
D:1:      psy_arrival_dodecagon, layout_basic,
          dreamdust_ecumenical_altar_drowned_temple, serial_glass,
          glass_columns_a, glass_columns_b, glass_columns_a, glass_columns_a,
          glass_columns_a, glass_columns_a, glass_columns_b, glass_columns_a,
          due_unseen_surprise, minmay_tetromino_l2

Action                   || total
-------------------------++-------
Melee: War axe           ||    11
       Headbutt          ||     1
Armor: Scale mail        ||     1
Dodge: Dodged            ||     4
Block: Buckler           ||     1
